 Dungeon Crawl Stone Soup version 0.30.0-10-gfe55d96785 (webtiles) character file.

Game seed: 15337806660255581780

19 qw the Chopper (level 2, -3/19 HPs)
             Began as a Gargoyle Cinder Acolyte on May 17, 2023.
             Was a High Priest of Ignis.
             Slain by Natasha (6 damage)
             ... on level 2 of the Dungeon.
             The game lasted 00:00:26 (680 turns).

qw the Chopper (Gargoyle Cinder Acolyte)             Turns: 680, Time: 00:00:26

Health: -3/19      AC: 21    Str: 17    XL:     2   Next: 75%
Magic:  3/3        EV:  4    Int: 14    God:    Ignis [*****.]
Gold:   54         SH:  0    Dex:  5    Spells: 3/3 levels left

rFire   + . .        Y - -1 hand axe (flame)
rCold   . . .        (no shield)
rNeg    + . .        f - +0 plate armour
rPois   inf          g - +0 helmet
rElec   +            h - +0 cloak
rCorr   .            (no gloves)
SInv    .            (no boots)
Will    .....        (no amulet) Stlth
                     (no ring)
HPRegen 0.23/turn    (no ring)
MPRegen 0.08/turn

%: no passive effects
@: fiery-armoured
A: sickness immunity, AC +2, negative energy resistance 1, electricity
resistance, torment resistance 1, petrification resistance
a: Renounce Religion, Fiery Armour, Foxfire Swarm, Rising Flame


You were on level 2 of the Dungeon.
You worshipped Ignis.
Ignis was extremely pleased with you.
You visited 1 branch of the dungeon, and saw 2 of its levels.

You collected 54 gold pieces.


Innate Abilities, Weirdness & Mutations

You are immune to sickness and miasma.
Your stone body is resilient. (AC +2)
You are immune to poison.
You resist negative energy. (rN+)
You are resistant to electric shocks. (rElec)
You are resistant to unholy torment.
You are immune to petrification.


   Skills:
 - Level 3.2 Fighting
 - Level 3.6 Axes
 + Level 0.0 Armour
 - Level 1.0 Spellcasting
 - Level 3.0 Fire Magic


You had 3 spell levels left.
You didn't know any spells.
Your spell library contained the following spells:

 Spells                   Type           Power      Damage    Failure   Level
 Scorch                   Fire           18%        2d5       100%        2

Inventory:

Hand Weapons
 Y - a -1 hand axe of flaming (weapon)
Armour
 f - a +0 plate armour (worn)
 g - a +0 helmet (worn)
 h - a +0 cloak (worn)

Dungeon Overview and Level Annotations

Branches:
Dungeon (2/15)

Altars:

Annotations:
D:2 1 runed translucent door, Crazy Yiuf, Natasha


Message History

You hit the cerulean imp but do no damage.
You closely miss the bat. The bat hits you. The bat barely misses you.
The cerulean imp hits you from afar with a +2 spear.
The cerulean imp barely misses you.
You hit the cerulean imp but do no damage.
You hit Natasha. You burn Natasha.
The cerulean imp hits you but does no damage.
Natasha claws you!
The cerulean imp hits you but does no damage.
You closely miss Natasha.
Natasha is lightly wounded.
You hit the cerulean imp. You burn the cerulean imp.
The cerulean imp hits you but does no damage.
Natasha claws you.
The cerulean imp hits you but does no damage.
678 ||| INVOKING Fiery Armour.
A protective cloak of flame settles atop you.
The cerulean imp completely misses you. Natasha casts a spell at you.
The magic dart hits you.
The cerulean imp hits you but does no damage.
The cerulean imp is burned by your cloak of flames.
The cerulean imp is severely wounded.
You closely miss the cerulean imp.
The cerulean imp is severely wounded.
You hit Natasha but do no damage.
The cerulean imp hits you but does no damage.
Natasha claws you but does no damage.
Natasha is burned by your cloak of flames.
Natasha is heavily wounded.
The cerulean imp hits you with a +2 spear.
The cerulean imp is burned by your cloak of flames.
The cerulean imp is almost dead.
The cerulean imp hits you but does no damage.
You miss the cerulean imp.
The cerulean imp is almost dead.
You closely miss Natasha. Natasha claws you.
You die...

#### .......#.....# ...#
.......#.....
...##..........#.... ...
#..........#... .#
#..........#.. . .#
#...... ...#.# ...>
.#.##.....####.#.##.....
.#.#............@5b.....
.#.#......###....h......
.#.#......<......5......
.#.#...................#
.#.#.......##..........#
.#.#.......##..........#
##.#.......#####....##.#
..[#)......... ..#### .#
.....#.###.### ##


You could see Natasha, 2 cerulean imps and a bat.

Vanquished Creatures
  3 endoplasms
  2 goblins
  A hobgoblin (D:1)
  2 quokkas
  3 ball pythons
  A bat (D:2)
  3 frilled lizards
  A kobold (D:1)
  3 rats
19 creatures vanquished.

Notes
Turn   | Place    | Note
-------+----------+-------------------------------------------
     0 | D:1      | qw the Gargoyle Cinder Acolyte began the quest for the Orb.
     0 | D:1      | Reached XP level 1. HP: 14/14 MP: 2/2
     0 | D:1      | 0 ||| qw: Version: 0.2-a-95-g4c1bab1
     0 | D:1      | 0 ||| qw: Game counter: 88
     0 | D:1      | 0 ||| qw: Always use a shield: true
     0 | D:1      | 0 ||| qw: God list: Okawaru
     0 | D:1      | 0 ||| qw: Allow faded altars: false
     0 | D:1      | 0 ||| qw: Do Orc after D:15 true
     0 | D:1      | 0 ||| qw: Do second Lair branch before Depths: true
     0 | D:1      | 0 ||| qw: Lair rune preference: random
     0 | D:1      | 0 ||| qw: Plans: Normal
     0 | D:1      | 0 ||| PLANNING D:1-11
     1 | D:1      | You fall into a shaft and drop 1 floor!
    22 | D:2      | 22 ||| Stepping ~*~*~tactically~*~*~ (stealth).
    96 | D:2      | Found a runed translucent door.
    97 | D:2      | Noticed Crazy Yiuf
   135 | D:2      | 135 ||| Stepping ~*~*~tactically~*~*~ (stealth).
   136 | D:2      | 136 ||| UPGRADING to +0 leather armour.
   142 | D:2      | Reached skill level 3 in Axes
   149 | D:2      | 149 ||| UPGRADING to +0 robe.
   154 | D:2      | 154 ||| UPGRADING to +0 leather armour.
   164 | D:2      | 164 ||| DROPPING +0 robe.
   166 | D:2      | 166 ||| Stepping ~*~*~tactically~*~*~ (stealth).
   169 | D:2      | 169 ||| Stepping ~*~*~tactically~*~*~ (stealth).
   178 | D:2      | 178 ||| INVOKING Fiery Armour.
   179 | D:2      | Reached XP level 2. HP: 10/19 MP: 3/3
   617 | D:1      | 617 ||| UPGRADING to +0 plate armour.
   627 | D:1      | 627 ||| DROPPING +0 leather armour.
   628 | D:1      | 628 ||| UPGRADING to +0 helmet.
   633 | D:1      | 633 ||| UPGRADING to +0 cloak.
   638 | D:1      | 638 ||| READING scroll labelled EJIQ LICEOPN.
   639 | D:1      | 639 ||| READING scroll labelled KEZXUNT BIDUON.
   640 | D:1      | 640 ||| READING scroll labelled TOH DAHIRGHA.
   641 | D:1      | 641 ||| DRINKING 2 sedimented pink potions.
   642 | D:1      | 642 ||| DROPPING potion of flight.
   668 | D:2      | Noticed Natasha
   678 | D:2      | 678 ||| INVOKING Fiery Armour.
   678 | D:2      | HP: 4/19 [Natasha/magic dart (3)]
   680 | D:2      | Slain by Natasha

Levels and vault maps discovered:
D:1:      ncdulo_watergridlock, layout_rooms
D:2:      layout_basic, kennysheep_minor_cross, minmay_hedge_maze,
          minmay_tromino_v4_c, uniq_natasha, uniq_crazy_yiuf_cottage,
          uniq_jessica

Skill      XL: |  1 |
---------------+----+-----
Axes           | 3 |  3.6
Fighting       | |  3.2
Spellcasting   | |  1.0
Fire Magic     | |  3.0

Action                     || total
---------------------------++-------
  Melee: Hand axe          ||    55
         Punch             ||     1
 Invoke: Fiery Armour      ||     2
    Use: Scroll            ||     3
         Potion            ||     1
 Armour: Robe              ||     3
         Leather armour    ||    10
         Plate armour      ||    20
  Dodge: Dodged            ||    32

Table legend:
 A = Non-vault XP
 B = Vault XP
 C = Vault XP percentage of total XP
 D = Non-vault monster count
 E = Vault monster count
 F = Vault count percentage of total count
                 A         B        C        D         E       F
            +---------+---------+-------+---------+---------+-------
      Total |      27 |       1 |   3.6 |      18 |       1 |   5.3
            +---------+---------+-------+---------+---------+-------
        D:1 |      17 |       0 |   0.0 |      11 |       0 |   0.0
        D:2 |      10 |       1 |   9.1 |       7 |       1 |  12.5
            +---------+---------+-------+---------+---------+-------
